Map: Ulrena

Players

VoiVoD

  • Race: Terran Terran
  • League: Silver

Verbal - Winner!

  • Race: Zerg Zerg
  • League: Silver

VOD

Have the link to the VOD?

Description

Time

  • Played on: April 14, 2016, 12:02 p.m.
  • Length: 15:07
Show
View Real Time Build Order
Export as new Build Order

VoiVoD Terran 

Build Orders: 1/1/1, Banshee Rush 

Get SALT Encoding   

  12  0:01  SCV  
  13  0:17  Supply Depot  
  13  0:22  Refinery  
  13  0:25  SCV  
  14  0:37  SCV  
  15  0:46  Barracks  
  15  0:49  SCV  
  16  1:01  SCV  
  17  1:13  SCV  
  18  1:19  Refinery  
  18  1:25  SCV  
  19  1:33  Supply Depot  
  19  1:35  Factory  
  19  1:38  SCV  
  20  1:50  SCV  
  21  1:55  Marine  
  23  2:11  Orbital Command  
  23  2:13  Marine  
  23  2:21  Starport  
  23  2:25  Factory Reactor  
  23  2:31  Marine  
  23  2:36  SCV  
  25  2:49  Marine  
  26  2:54  SCV  
  26  2:57  Starport Tech Lab  
  27  3:03  Hellion x2  
  31  3:10  Supply Depot  
  31  3:12  Supply Depot  
  31  3:26  Supply Depot  
  31  3:32  SCV  
  32  3:38  Cloaking Field  
  32  3:40  Banshee  
  35  3:44  SCV  
  36  3:56  SCV  
  33  4:12  Hellion x2  
  33  4:14  Supply Depot  
  37  4:22  Banshee  
  40  4:26  SCV  
  41  4:34  Barracks  
  41  4:36  Barracks  
  42  4:38  SCV  
  42  5:38  Liberator  
  42  6:11  Factory  
  42  6:12  Factory Tech Lab  
  42  6:15  Barracks  
  42  6:16  Barracks Tech Lab  
  42  6:21  Liberator  
  42  6:31  Marine x2  
  44  6:36  Supply Depot  
  47  6:45  Command Center  
  47  6:49  Marine  
  48  6:55  Fusion Core  
  48  7:00  Marine  
  49  7:04  Liberator  
  49  7:07  Barracks Tech Lab  
  49  7:18  Marine  
  49  7:19  Factory Tech Lab  
  49  7:20  Siege Tank  
  56  7:35  Marine  
  43  8:11  Siege Tank  
  43  8:12  Siege Tank, Supply Depot  
  49  8:17  Marine  
  49  8:18  Marine x2  
  49  8:19  Marine  
  52  8:25  Medivac  
  52  8:35  Marine  
  52  8:36  Marine x2  
  52  8:37  Marine  
  52  8:38  Advanced Ballistics  
  56  8:43  Siege Tank  
  56  8:44  Siege Tank  
  62  8:53  Marine  
  62  8:54  Marine  
  62  8:55  Marine, Medivac  
  66  9:28  Supply Depot  
  66  9:35  Banshee  
  69  9:57  Marine  
  69  9:58  Marine x4  
  74  10:00  Orbital Command  
  74  10:15  Marine x2  
  74  10:16  Marauder x2, Marine  
  74  10:18  Banshee  
  84  10:38  Marauder  
  86  11:22  Marine  
  86  11:46  Marine x3  
  86  11:47  Marine  
  85  12:04  Marine  
  86  12:15  Orbital Command  
  86  12:22  Marine, Banshee  
  85  12:42  SCV  
  80  12:53  Marine x2  
  80  12:54  Marine, SCV  
  84  13:05  Banshee  
  85  13:06  SCV  
  83  13:18  SCV  
  66  13:47  Banshee  
  65  13:59  Marine  
  50  14:14  Marine  
  44  14:36  Marine x4  
Show
View Real Time Build Order
Export as new Build Order

Verbal Zerg - Winner!

Build Orders: Pool First 

Get SALT Encoding   

  12  0:00  Drone  
  13  0:09  Drone  
  14  0:17  Overlord  
  14  0:25  Extractor, Drone  
  14  0:42  Spawning Pool  
  14  0:44  Drone  
  14  0:52  Drone  
  14  0:53  Drone  
  16  1:04  Drone  
  17  1:27  Hatchery  
  16  1:35  Zergling x4  
  16  1:37  Zergling x2  
  19  1:45  Metabolic Boost  
  19  1:50  Drone  
  20  2:02  Drone  
  21  2:09  Extractor  
  21  2:10  Drone  
  21  2:18  Overlord  
  21  2:20  Lair  
  21  2:37  Drone  
  22  2:50  Drone  
  22  2:51  Drone x2  
  25  2:54  Queen  
  27  3:04  Roach Warren  
  26  3:11  Spore Crawler  
  25  3:15  Extractor  
  25  3:16  Extractor, Drone  
  25  3:18  Drone  
  25  3:34  Drone x2  
  25  3:35  Drone  
  28  3:45  Queen  
  28  4:14  Drone  
  28  4:15  Drone x5  
  34  4:32  Spire  
  34  4:35  Drone x2  
  35  4:43  Drone  
  34  4:58  Spore Crawler  
  33  5:01  Spore Crawler  
  33  5:03  Spore Crawler  
  31  5:08  Drone x3  
  33  5:14  Overseer x2  
  33  5:23  Drone x3  
  36  5:37  Hydralisk Den  
  36  5:38  Drone  
  36  5:41  Overlord x4  
  35  5:55  Spore Crawler  
  34  6:13  Hydralisk x4  
  34  6:16  Hydralisk  
  44  6:32  Drone x3  
  47  6:33  Drone x2  
  49  6:40  Drone  
  49  6:41  Drone  
  49  6:45  Overseer  
  51  6:59  Drone  
  51  7:00  Drone x4  
  53  7:39  Hydralisk  
  53  7:40  Hydralisk x6  
  53  7:41  Hydralisk  
  61  8:00  Hatchery, Hydralisk x2  
  62  8:10  Drone x3  
  62  8:11  Drone  
  66  8:26  Drone  
  67  8:27  Drone  
  68  8:41  Overseer x2  
  66  9:00  Roach  
  66  9:01  Roach x5  
  68  9:04  Overlord x4  
  68  9:05  Overlord  
  64  9:18  Drone  
  64  9:19  Drone x6  
  71  9:41  Roach x4  
  71  9:42  Roach x2  
  83  9:51  Drone  
  83  9:52  Drone x4  
  88  10:11  Extractor  
  87  10:16  Extractor  
  87  10:17  Drone  
  87  10:18  Drone x3  
  90  10:26  Hatchery  
  87  10:31  Zergling x18  
  85  11:05  Hydralisk x10  
  85  11:06  Hydralisk x2  
  69  11:41  Ravager x2  
  69  11:42  Ravager x4  
  48  11:58  Mutalisk x6  
  48  11:59  Mutalisk x6  
  71  12:06  Drone  
  63  12:21  Spine Crawler  
  61  12:24  Spine Crawler, Drone x4  
  64  12:43  Mutalisk x6  
  76  12:52  Mutalisk  
  76  12:54  Drone x2  
  80  13:21  Mutalisk  
  80  13:22  Mutalisk x6  
  80  13:26  Queen  
  96  13:27  Queen  
  96  13:28  Queen  
  94  13:35  Mutalisk  
  96  13:42  Extractor  
  96  13:45  Extractor  
  90  14:08  Mutalisk  
  90  14:09  Mutalisk x2  
  94  14:10  Zergling x2  
  94  14:11  Zergling x6  
  94  14:13  Overlord x2  
Tags
 
Add a new tag
Caveats
  • Supply blocks, unpowered buildings, or Contaminate may cause inaccurate times.
  • Supply counts are checked every 10 seconds.